Description

ggg

Replay - Build order vs terran

Build Order

Get SALT Encoding   

  13  0:14  Overlord  
  18  0:59  Hatchery  
  18  1:07  Extractor  
  17  1:15  Spawning Pool  
  19  1:43  Overlord  
  20  2:04  Zergling x2  
  21  2:08  Queen x2  
  21  2:11  Zergling x2  
  22  2:13  Metabolic Boost  
  27  2:38  Overlord  
  32  2:58  Queen  
  34  3:04  Hatchery  
  41  3:23  Overlord  
  41  3:28  Queen  
  41  3:40  Queen  
  41  3:41  Overlord  
  48  4:01  Extractor  
  47  4:05  Evolution Chamber x2  
  45  4:10  Queen  
  48  4:14  Overlord  
  48  4:15  Queen  
  52  4:29  Queen  
  54  4:33  Zergling x14  
  61  4:51  Overlord, Zerg Melee Weapons Level 1, Zerg Ground Armor Level 1  
  70  5:04  Drone  
  73  5:08  Lair  
  76  5:12  Baneling Nest  
  79  5:21  Overlord x2  
  79  5:24  Extractor x2  
  82  5:29  Zergling x2  
  83  5:34  Overlord x2  
  90  5:59  Zergling x16  
  97  6:02  Baneling x9  
  97  6:10  Extractor x2  
  95  6:13  Baneling x3  
  95  6:14  Zergling x10  
  100  6:25  Hatchery  
  105  6:33  Overlord  
Spawning Tool Build Advisor. Get it on Overwolf

Go to:

Details

  • Created by: BladeQueen
  • Published on: May 16, 2018
  • Modified on: May 16, 2018
  • Patch: 4.0.0
Show
View Real Time Build Order
Export as new Build Order

Comments (0)

There are no comments. Be the first!

Create an account to comment!